[Event "Titled Tuesday Blitz February 28 Early 2023"]
[White "Orlov, Georgi"]
[Black "Vivas Zamora, Fabian Ernesto"]
[WhiteFideId "2011271"]
[BlackFideId "3902480"]
[WhiteElo "2631"]
[BlackElo "2262"]
[Result "1-0"]
[Round "07"]
[TimeControl "180+2"]
[Date "2023.02.28"]
[WhiteClock "0:00:32"]
[BlackClock "0:00:05"]

1. e4 e5 2. Nf3 Nc6 3. Bc4 Nf6 4. Ng5 d5 5. exd5 Na5 6. Bb5+ c6 7. dxc6 bxc6 8. Qf3 Be7 9. Bd3 O-O 10. Nc3 h6 11. h4 Nb7 12. Qxc6 Rb8 13. Nge4 Nxe4 14. Qxe4 f5 15. Qxe5 Kh8 16. Qxb8 Bd6 17. Qxa7 Re8+ 18. Be2 Bc5 19. Qa4 Bd7 20. Qf4 Bc6 21. d4 Bxd4 22. Be3 Be5 23. Qxf5 Nd6 24. Qg6 Qb8 25. O-O-O Ne4 26. Bxh6 Nxc3 27. Bxg7+ Bxg7 28. Qh5+ Kg8 29. Bc4+ Nd5 30. Bxd5+ Bxd5 31. Qxd5+ Kh8 32. c3 Re2 33. Qd8+ Qxd8 34. Rxd8+ Kh7 35. Rf1 1-0


[Site "https://www.chess.com"]

[Event "Titled Tuesday Blitz February 28 Early 2023"]
[White "Gauri, Shankar"]
[Black "Cabezas Solano, David Alejandro"]
[WhiteFideId "5041350"]
[BlackFideId "6507522"]
[WhiteElo "2240"]
[BlackElo "2030"]
[Result "1-0"]
[Round "07"]
[TimeControl "180+2"]
[Date "2023.02.28"]
[WhiteClock "0:00:23"]
[BlackClock "0:00:15"]

1. d4 Nf6 2. Nf3 d5 3. c4 e6 4. g3 Be7 5. Bg2 O-O 6. O-O dxc4 7. Qc2 a6 8. a4 Nc6 9. Qxc4 Na5 10. Qc2 b6 11. Ne5 Bb7 12. Bxb7 Nxb7 13. Nc6 Qe8 14. Bg5 Bc5 15. Bxf6 gxf6 16. Qe4 f5 17. Qf3 Bd6 18. Nd2 Kh8 19. Rac1 Nd8 20. e3 Nxc6 21. Qxc6 Qe7 22. Nc4 Bb4 23. Ne5 Bd6 24. Nc4 Bb4 25. Rc2 Rab8 26. Rfc1 b5 27. axb5 axb5 28. Ne5 Rfc8 29. Qf3 Ra8 30. Nc6 Qd6 31. Nxb4 Qxb4 32. Rxc7 Rxc7 33. Qxa8+ 1-0


[Site "https://www.chess.com"]

[Event "Titled Tuesday Blitz February 28 Early 2023"]
[White "Fieberg, Samuel"]
[Black "Domingo Nunez, Ruben"]
[WhiteFideId "12901717"]
[BlackFideId "22245570"]
[WhiteElo "2467"]
[BlackElo "2404"]
[Result "0-1"]
[Round "07"]
[TimeControl "180+2"]
[Date "2023.02.28"]
[WhiteClock "0:00:06"]
[BlackClock "0:01:23"]

1. c4 g6 2. g3 Bg7 3. Bg2 d6 4. d4 Nf6 5. h3 O-O 6. Nc3 Nbd7 7. e4 c5 8. d5 Rb8 9. Nge2 a6 10. a4 Ne8 11. a5 Nc7 12. Bg5 b5 13. axb6 Rxb6 14. Qc2 a5 15. Rxa5 Na6 16. Ra1 Nb4 17. Qd2 Ne5 18. b3 Nbd3+ 19. Kf1 Rxb3 20. f4 Rb2 21. Qe3 f6 22. Bh4 g5 23. Kg1 gxh4 24. fxe5 Nxe5 25. g4 Nxc4 26. Qf2 Ne5 27. Qxh4 Qb6 28. Kh2 Ba6 29. Rhb1 Bxe2 30. Na4 Rxb1 31. Nxb6 Rxa1 32. Qf2 Ra2 33. Kg3 Rb8 34. Qf5 Rxb6 35. Qc8+ Bf8 36. Qe6+ Nf7 37. g5 Rb3+ 38. Kf4 fxg5+ 39. Kf5 Bh5 0-1


[Site "https://www.chess.com"]

[Event "Titled Tuesday Blitz February 28 Early 2023"]
[White "Cheng, Xiao"]
[Black "Skliarov, Viktor"]
[WhiteFideId "2022915"]
[BlackFideId "14106736"]
[WhiteElo "2466"]
[BlackElo "2284"]
[Result "0-1"]
[Round "07"]
[TimeControl "180+2"]
[Date "2023.02.28"]
[WhiteClock "0:00:43"]
[BlackClock "0:00:12"]

1. e4 c5 2. Nf3 Nc6 3. d4 cxd4 4. Nxd4 Nf6 5. Nc3 e5 6. Ndb5 d6 7. Bg5 a6 8. Na3 b5 9. Bxf6 gxf6 10. Nd5 f5 11. Bd3 Be6 12. c3 Bxd5 13. exd5 Ne7 14. Nc2 Bg7 15. Ne3 e4 16. Bc2 f4 17. Qg4 fxe3 18. Qxg7 exf2+ 19. Kxf2 Qb6+ 20. Qd4 Qxd4+ 21. cxd4 f5 22. g4 Rc8 23. Rac1 fxg4 24. Bxe4 Rxc1 25. Rxc1 Kd7 26. Bd3 h5 27. a4 Rb8 28. axb5 axb5 29. Be4 h4 30. Ke3 Rg8 31. Ra1 g3 32. Ra7+ Ke8 33. Ra8+ Kf7 34. Rxg8 Nxg8 35. hxg3 hxg3 36. Kf4 Nf6 37. Bg2 Kg6 38. Kxg3 Kg5 39. Bf1 b4 40. Bc4 Ne4+ 41. Kg2 Kf4 42. Bb5 Ke3 43. Kf1 Kxd4 44. Bc6 Nd2+ 45. Ke2 Nc4 46. Kd1 Nxb2+ 47. Kc2 Nd3 48. Kb3 Kc5 49. Bb7 Nf4 50. Bc8 Nxd5 51. Be6 Nf4 52. Bf7 Ne2 53. Bg8 Nd4+ 54. Kb2 Kc6 55. Bh7 Kd5 56. Bg8+ Ke5 57. Kc1 Nc6 58. Kd2 Kd4 59. Bf7 d5 60. Be8 Ne5 61. Ba4 Kc4 62. Ke3 d4+ 63. Ke4 Ng4 64. Kf4 Nh2 65. Ke4 Kc3 66. Bd1 d3 67. Ke3 d2 68. Ke2 Ng4 69. Kf3 Nf6 70. Ke3 Nd7 71. Ba4 Ne5 72. Ke2 Nc4 73. Bb5 Nb2 74. Ba4 Nxa4 75. Kd1 Nb2+ 76. Ke2 d1=Q+ 77. Ke3 Qd4+ 78. Kf3 Qe5 79. Kg2 Qf4 80. Kh3 Qg5 81. Kh2 Kd3 82. Kh1 Ke3 83. Kh2 Kf2 84. Kh1 Qh5# 0-1


[Site "https://www.chess.com"]

[Event "Titled Tuesday Blitz February 28 Early 2023"]
[White "Mohammed, Dilshad"]
[Black "Jakubowski, Krzysztof"]
[WhiteFideId "5050421"]
[BlackFideId "1112848"]
[WhiteElo "2102"]
[BlackElo "2359"]
[Result "0-1"]
[Round "07"]
[TimeControl "180+2"]
[Date "2023.02.28"]
[WhiteClock "0:00:15"]
[BlackClock "0:00:20"]

1. Nf3 Nf6 2. c4 b6 3. g3 Bb7 4. Bg2 c5 5. O-O g6 6. d4 cxd4 7. Nxd4 Bxg2 8. Kxg2 Bg7 9. f3 O-O 10. e4 Qc8 11. b3 e6 12. Bb2 d5 13. cxd5 exd5 14. e5 Nfd7 15. f4 Nc6 16. Nc3 Rd8 17. Ndb5 d4 18. Ne4 Nc5 19. Nbd6 Qa6 20. Nxc5 bxc5 21. Rc1 Nb4 22. Rxc5 Qxa2 23. Rf2 d3 24. Rc7 Qa5 25. Rc4 Rab8 26. Qf3 Nc2 27. Bc3 Qxc3 28. Rxc3 Ne1+ 29. Kf1 Nxf3 30. Rxf3 Rxd6 31. exd6 Bxc3 32. Rxd3 Bb4 33. d7 Rd8 34. Ke2 a5 35. Kf3 Kf8 36. f5 gxf5 37. Kf4 Ke7 38. Kxf5 Rxd7 39. Re3+ Kf8 40. Kf6 Rd6+ 41. Kf5 Kg7 42. h4 Rf6+ 43. Kg4 Rg6+ 44. Kh3 Re6 45. Rd3 h5 46. g4 Kg6 47. gxh5+ Kxh5 48. Rd5+ Kg6 49. Kg4 Re4+ 50. Kg3 f5 51. h5+ Kg5 52. h6 Rg4+ 53. Kf3 Rh4 54. Rd8 Rh3+ 55. Kg2 Rxh6 56. Kg3 f4+ 57. Kf3 Rh3+ 58. Kg2 Rg3+ 59. Kh2 Rxb3 60. Kg2 Kg4 61. Rg8+ Kf5 62. Rd8 Rb2+ 63. Kf3 Rb3+ 64. Kf2 a4 65. Rd5+ Kg4 66. Ke2 a3 67. Rd8 a2 68. Rg8+ Kf5 0-1


[Site "https://www.chess.com"]

[Event "Titled Tuesday Blitz February 28 Early 2023"]
[White "Srebrnic, Marko"]
[Black "Martynov, Pavel"]
[WhiteFideId "14603616"]
[BlackFideId "4101260"]
[WhiteElo "2341"]
[BlackElo "2314"]
[Result "0-1"]
[Round "07"]
[TimeControl "180+2"]
[Date "2023.02.28"]
[WhiteClock "0:00:06"]
[BlackClock "0:01:33"]

1. e4 c5 2. Nf3 e6 3. d4 cxd4 4. Nxd4 Nc6 5. Nc3 Qc7 6. Be2 a6 7. O-O Nf6 8. Nxc6 bxc6 9. f4 d5 10. e5 Nd7 11. f5 Nxe5 12. fxe6 Bxe6 13. Bf4 Bd6 14. Kh1 h5 15. Qd4 Rb8 16. Rad1 Rb4 17. Bxe5 Rxd4 18. Bxd4 Bxh2 19. Rd3 h4 20. Na4 h3 21. g4 Be5 22. c3 Bxd4 23. cxd4 Qe7 24. Nc5 Bc8 25. Rff3 Kf8 26. Rde3 Qg5 27. Bxa6 Bxg4 28. Rg3 Qf5 29. Bd3 Qf2 30. a4 h2 31. a5 Rh3 32. Rxg4 Rxe3 0-1


[Site "https://www.chess.com"]

[Event "Titled Tuesday Blitz February 28 Early 2023"]
[White "Poliakova, Varvara"]
[Black "Bas Mas, Jose Joaquin"]
[WhiteFideId "13518313"]
[BlackFideId "22219064"]
[WhiteElo "2075"]
[BlackElo "2233"]
[Result "1-0"]
[Round "07"]
[TimeControl "180+2"]
[Date "2023.02.28"]
[WhiteClock "0:01:04"]
[BlackClock "0:00:43"]

1. e4 e6 2. d4 d5 3. e5 c5 4. c3 Nc6 5. Nf3 Qb6 6. a3 c4 7. Nbd2 Na5 8. Rb1 Bd7 9. Be2 Ne7 10. O-O Qc7 11. Qc2 Nc8 12. a4 Nb6 13. Ra1 Be7 14. b3 cxb3 15. Nxb3 Nxb3 16. Qxb3 O-O 17. Bg5 Bc6 18. a5 Nc8 19. Bxe7 Nxe7 20. Bd3 Rac8 21. Qc2 h6 22. Rfb1 f5 23. exf6 Rxf6 24. Ne5 Be8 25. Rb3 Nc6 26. Ng4 Rf4 27. Qe2 Qf7 28. g3 Rf3 29. Kg2 Rxd3 30. Qxd3 h5 31. Ne5 Qf6 32. Rxb7 Nxe5 33. dxe5 Qxe5 34. Qd4 Qg5 35. h4 Qh6 36. Re1 Bg6 37. f3 Bf5 38. Re2 Qc1 39. Qxg7# 1-0


[Site "https://www.chess.com"]

[Event "Titled Tuesday Blitz February 28 Early 2023"]
[White "Shapiro, Viktor"]
[Black "Sargissyan, Sargis"]
[WhiteFideId "4175700"]
[BlackFideId "13303210"]
[WhiteElo "2132"]
[BlackElo "2109"]
[Result "1-0"]
[Round "07"]
[TimeControl "180+2"]
[Date "2023.02.28"]
[WhiteClock "0:00:57"]
[BlackClock "0:00:11"]

1. c4 Nf6 2. Nc3 g6 3. g3 Bg7 4. Bg2 O-O 5. e3 d6 6. Nge2 e5 7. d4 Re8 8. O-O e4 9. h3 h5 10. Qc2 Bf5 11. b4 Nbd7 12. Nf4 Nf8 13. Bb2 Qd7 14. Kh2 N8h7 15. Ncd5 Nxd5 16. cxd5 Nf6 17. Rac1 Rac8 18. Qc4 Qa4 19. b5 Qxc4 20. Rxc4 g5 21. Nxh5 Nxh5 22. g4 Bxg4 23. hxg4 Nf6 24. Rfc1 Nxd5 25. a4 Bf6 26. Ba3 Rcd8 27. a5 Kg7 28. Kg1 Rd7 29. R4c2 Bd8 30. a6 bxa6 31. bxa6 Nf6 32. Bf1 Nxg4 33. Bb5 Ree7 34. Bxd7 Rxd7 35. Rb1 c5 36. Rb7 Nf6 37. dxc5 dxc5 38. Bxc5 1-0


[Site "https://www.chess.com"]

[Event "Titled Tuesday Blitz February 28 Early 2023"]
[White "Djokovic, Nebojsa"]
[Black "Rosenberg, Evan S"]
[WhiteFideId "938300"]
[BlackFideId "2019299"]
[WhiteElo "2590"]
[BlackElo "2445"]
[Result "1-0"]
[Round "07"]
[TimeControl "180+2"]
[Date "2023.02.28"]
[WhiteClock "0:00:06"]
[BlackClock "0:00:16"]

1. c4 e6 2. Nf3 d5 3. g3 c5 4. cxd5 exd5 5. Bg2 Nc6 6. O-O d4 7. d3 Nf6 8. Nbd2 Bd6 9. Nc4 Bc7 10. Rb1 h6 11. e4 O-O 12. a3 a5 13. a4 Re8 14. Ne1 Bg4 15. f3 Be6 16. b3 Ne5 17. f4 Nxc4 18. bxc4 Bg4 19. Qc2 Rb8 20. e5 Nd7 21. h3 Bf5 22. g4 Bh7 23. Rxb7 Rxb7 24. Bxb7 Qh4 25. Qg2 Nb6 26. Bc6 Rb8 27. Ba3 Qe7 28. Qf3 Nc8 29. Bb5 g5 30. Nc2 gxf4 31. Nxd4 Qxe5 32. Nc6 Qe3+ 33. Qxe3 fxe3 34. Nxb8 Bxb8 35. Re1 Bf4 36. Bc1 Bxd3 37. Bxe3 Bg3 38. Bf2 Bf4 39. Re8+ Kg7 40. Rxc8 Kg6 41. Rxc5 f5 42. gxf5+ Bxf5 43. Be8+ Kf6 44. Bd4+ Ke6 45. Bd7+ Kxd7 46. Rxf5 Bd2 47. Rd5+ Kc6 48. Kg2 h5 49. Kf3 h4 50. Ke4 Be1 51. Be3 Bb4 52. Rh5 Be1 53. Rh6+ Kc7 54. Kd5 Kd7 55. Rh7+ Ke8 56. c5 Kf8 57. Rb7 Kg8 58. c6 Bg3 59. Bd4 Kf8 60. Be5 Ke8 61. Rg7 Kd8 62. Bxg3 hxg3 63. Kd6 Ke8 64. c7 Kf8 65. Rd7 g2 66. h4 g1=Q 67. c8=Q# 1-0


[Site "https://www.chess.com"]

[Event "Titled Tuesday Blitz February 28 Early 2023"]
[White "Sai Han Thiha"]
[Black "Sreyas Payyappat"]
[WhiteFideId "13012290"]
[BlackFideId "46674969"]
[WhiteElo "1954"]
[BlackElo "2083"]
[Result "0-1"]
[Round "07"]
[TimeControl "180+2"]
[Date "2023.02.28"]
[WhiteClock "0:00:03"]
[BlackClock "0:00:32"]

1. d4 Nf6 2. c4 c5 3. d5 e6 4. Nc3 exd5 5. cxd5 d6 6. Nf3 g6 7. Nd2 Bg7 8. e4 O-O 9. Be2 Nbd7 10. O-O Re8 11. h3 a6 12. a4 Rb8 13. Re1 h6 14. Bf1 g5 15. g3 Ne5 16. f4 gxf4 17. gxf4 Ng6 18. Nf3 c4 19. f5 Ne5 20. Nxe5 Rxe5 21. Bxc4 b5 22. axb5 axb5 23. Bd3 b4 24. Na4 Nxd5 25. exd5 Qh4 26. Rxe5 Qg3+ 27. Kf1 Qxh3+ 28. Ke1 Bxe5 29. Qe2 Bd7 30. Be3 Re8 31. Kd2 Bf4 32. Bxf4 Rxe2+ 33. Bxe2 Qxf5 34. Rg1+ Kh8 35. Be3 Qxd5+ 36. Bd3 Bb5 37. Ke1 Qxd3 38. Kf2 Qe2+ 39. Kg3 Qxe3+ 40. Kh2 Qf2+ 41. Rg2 Qh4+ 42. Kg1 Bxa4 43. Rf2 Qg3+ 44. Rg2 Qe1+ 45. Kh2 Bc6 46. Rc2 Qh4+ 47. Kg1 Qg5+ 48. Kf2 Qf5+ 49. Ke3 Qxc2 50. b3 Qe4+ 51. Kd2 Qf3 52. Ke1 Qg2 53. Kd1 h5 54. Ke1 h4 55. Kd1 h3 56. Ke1 h2 0-1


[Site "https://www.chess.com"]

[Event "Titled Tuesday Blitz February 28 Early 2023"]
[White "Sanchez, Robert"]
[Black "Odegov, Artem"]
[WhiteFideId "2034360"]
[BlackFideId "34183644"]
[WhiteElo "2438"]
[BlackElo "2300"]
[Result "0-1"]
[Round "07"]
[TimeControl "180+2"]
[Date "2023.02.28"]
[WhiteClock "0:00:13"]
[BlackClock "0:01:01"]

1. e4 e6 2. d4 d5 3. Nc3 Bb4 4. e5 c5 5. Bd2 Ne7 6. Nf3 Nbc6 7. dxc5 Bxc5 8. Bd3 Ng6 9. Qe2 a6 10. O-O-O Qc7 11. Rhe1 Bd7 12. Kb1 b5 13. h4 O-O-O 14. h5 Nge7 15. Ng5 Rdf8 16. f4 h6 17. Nf3 Kb7 18. g4 Rc8 19. f5 Nb4 20. f6 gxf6 21. exf6 Nec6 22. g5 hxg5 23. Nxg5 Nd4 24. Qg4 Nxd3 25. cxd3 Rcg8 26. Qh4 Nf5 27. Qh1 Bc6 28. Rc1 Bf2 29. Red1 Be3 30. Bxe3 Nxe3 31. Rg1 Nf5 32. a3 Ng3 33. Qh4 Rxh5 34. Qxg3 Qxg3 35. Rxg3 Rhxg5 36. Rh3 Rf5 37. Ne2 Rxf6 38. Nd4 Bd7 39. Rh7 Rc8 40. Re1 Kc7 41. Rc1+ Kd6 42. Re1 e5 43. Nb3 Bf5 0-1


[Site "https://www.chess.com"]

[Event "Titled Tuesday Blitz February 28 Early 2023"]
[White "Shuvalov, Evgenij"]
[Black "Ordekalog"]
[WhiteFideId "4187237"]
[WhiteElo "2080"]
[BlackElo "2574"]
[Result "0-1"]
[Round "07"]
[TimeControl "180+2"]
[Date "2023.02.28"]
[WhiteClock "0:00:21"]
[BlackClock "0:01:18"]

1. d4 d5 2. c4 e6 3. Nc3 c5 4. Nf3 Nc6 5. cxd5 exd5 6. Bf4 Nf6 7. e3 cxd4 8. Nxd4 Bd6 9. Bxd6 Qxd6 10. Be2 O-O 11. O-O Be6 12. Rc1 Rac8 13. a3 Rfe8 14. Ncb5 Qb8 15. Nxc6 bxc6 16. Nd4 c5 17. Nxe6 fxe6 18. Qc2 Re7 19. b4 c4 20. Bf3 a5 21. Rb1 Ra7 22. b5 Qb6 23. a4 Rd7 24. Rfd1 Rcd8 25. h3 Rd6 26. Qc3 Nd7 27. e4 Nc5 28. exd5 exd5 29. Bxd5+ Rxd5 30. Rxd5 Rxd5 31. Qxc4 Qe6 32. Qc3 Nxa4 33. Qxa5 Nb6 34. Rc1 Qd6 35. Qe1 Re5 36. Qa5 h6 37. Rc6 Qxc6 38. Qa1 Qxb5 0-1


[Site "https://www.chess.com"]

[Event "Titled Tuesday Blitz February 28 Early 2023"]
[White "Seletsky, Grigory"]
[Black "Koellner, Ruben Gideon"]
[WhiteFideId "14112191"]
[BlackFideId "12993093"]
[WhiteElo "2490"]
[BlackElo "2303"]
[Result "0-1"]
[Round "07"]
[TimeControl "180+2"]
[Date "2023.02.28"]
[WhiteClock "0:00:42"]
[BlackClock "0:01:49"]

1. e4 d6 2. d4 Nf6 3. Nc3 e5 4. Nf3 Nbd7 5. Bc4 Be7 6. dxe5 Nxe5 7. Nxe5 dxe5 8. Qxd8+ Bxd8 9. f3 c6 10. a4 a5 11. Be3 Nd7 12. Ke2 Bb6 13. Bxb6 Nxb6 14. Bb3 Ke7 15. Rhd1 Be6 16. Bxe6 Kxe6 17. b3 Nd7 18. Rd2 Nc5 19. Rad1 Ke7 20. Ke3 Rad8 21. Rxd8 Rxd8 22. Rxd8 Kxd8 23. Nd1 b5 24. Nb2 Kc7 25. Kd2 Kd6 26. Kc3 g6 27. Kd2 f5 28. Ke3 h5 29. h4 Kc7 30. axb5 cxb5 31. g3 Kd6 32. Nd3 fxe4 33. fxe4 Nxd3 34. Kxd3 Kc6 35. c3 Kc5 36. Ke3 a4 37. Kd2 axb3 38. Kc1 Kc4 39. Kb2 b4 40. cxb4 Kxb4 0-1


[Site "https://www.chess.com"]

[Event "Titled Tuesday Blitz February 28 Early 2023"]
[White "Sourath Biswas"]
[Black "Dinu, Dumitru-Daniel"]
[WhiteFideId "35091484"]
[BlackFideId "1208403"]
[WhiteElo "2164"]
[BlackElo "2240"]
[Result "0-1"]
[Round "07"]
[TimeControl "180+2"]
[Date "2023.02.28"]
[WhiteClock "0:00:03"]
[BlackClock "0:00:20"]

1. d4 e6 2. Bf4 Nf6 3. e3 c5 4. Nf3 cxd4 5. exd4 d5 6. c3 Nc6 7. Nbd2 Bd6 8. Bg3 O-O 9. Bd3 Re8 10. Ne5 Bxe5 11. dxe5 Nd7 12. Nf3 Nc5 13. Bc2 b6 14. O-O Ba6 15. Re1 Rc8 16. h4 h6 17. Nd4 Nxd4 18. Qxd4 Qe7 19. Rad1 Nd7 20. Qg4 Rc4 21. Rd4 Rxd4 22. Qxd4 Rc8 23. f4 Qc5 24. Bf2 Qxd4 25. Bxd4 Nb8 26. f5 Nc6 27. Bf2 Nb4 28. Bb1 Nd3 29. Bxd3 Bxd3 30. fxe6 fxe6 31. Bd4 Rf8 32. Re3 Rf1+ 33. Kh2 Be4 34. Re2 Ra1 35. a3 Rf1 36. Rf2 Re1 37. a4 Bf5 38. Kg3 Ra1 39. b3 Rb1 40. b4 Ra1 41. a5 bxa5 42. b5 Rb1 43. Bxa7 Rxb5 44. Ra2 Kf7 45. Bd4 Kg6 46. Kf4 h5 47. g3 Be4 48. Ke3 Kf5 49. Kd2 Kg4 50. Ke3 Kxg3 51. Ba7 Kxh4 52. Kd4 Kg4 53. Bc5 h4 0-1


[Site "https://www.chess.com"]

[Event "Titled Tuesday Blitz February 28 Early 2023"]
[White "Heinemann, Josefine"]
[Black "Sharapov, Evgeny"]
[WhiteFideId "12900460"]
[BlackFideId "14103133"]
[WhiteElo "2342"]
[BlackElo "2367"]
[Result "1-0"]
[Round "07"]
[TimeControl "180+2"]
[Date "2023.02.28"]
[WhiteClock "0:00:15"]
[BlackClock "0:00:06"]

1. e4 c5 2. Nf3 d6 3. d4 cxd4 4. Nxd4 Nf6 5. Nc3 Nc6 6. Bg5 e6 7. Qd2 Be7 8. O-O-O O-O 9. h4 Nxd4 10. Qxd4 Qa5 11. f4 Rd8 12. Qe3 Bd7 13. Bd3 Bc6 14. h5 h6 15. Bh4 d5 16. exd5 Nxd5 17. Nxd5 Bxh4 18. Rxh4 Bxd5 19. a3 Rac8 20. Rg4 Qc5 21. Qe5 Qf8 22. Re1 f6 23. Qe3 f5 24. Rg6 Kh8 25. Rg1 Be4 26. Bxe4 fxe4 27. Qxe4 Qc5 28. Re1 Rd4 29. Qe2 Rxf4 30. Rxe6 Rcf8 31. Re8 Rf2 32. Rxf8+ Rxf8 33. Kb1 Qg5 34. g4 a5 35. Qe7 Qxe7 36. Rxe7 Rf4 37. Rxb7 Rxg4 38. b4 axb4 39. axb4 g6 40. hxg6 Rxg6 41. c4 h5 42. c5 h4 43. Rd7 h3 44. Rd3 Rh6 45. Rd1 h2 46. Rh1 Rh4 47. Kc2 Rxb4 48. Rxh2+ Kg7 49. Kc3 Rg4 50. Rf2 Rh4 51. Kb3 Rg4 52. c6 Rg6 53. Rc2 1-0


[Site "https://www.chess.com"]

[Event "Titled Tuesday Blitz February 28 Early 2023"]
[White "Martin Carmona, Gaston Manuel"]
[Black "Tologon tegin, Semetei"]
[WhiteFideId "22284567"]
[BlackFideId "13800574"]
[WhiteElo "2245"]
[BlackElo "2247"]
[Result "1-0"]
[Round "07"]
[TimeControl "180+2"]
[Date "2023.02.28"]
[WhiteClock "0:00:07"]
[BlackClock "0:00:01"]

1. d4 d5 2. c4 c6 3. cxd5 cxd5 4. Nc3 Nf6 5. Bf4 Nc6 6. e3 a6 7. Rc1 Bf5 8. Qb3 Na5 9. Qa4+ Bd7 10. Qd1 Rc8 11. Bd3 b5 12. b3 e6 13. Nge2 Ba3 14. Rc2 Nc6 15. Rd2 O-O 16. O-O Qa5 17. Bg5 Be7 18. Bb1 Nb4 19. e4 dxe4 20. Nxe4 Nxe4 21. Bxe7 Nxd2 22. Qxd2 Nc6 23. b4 Qa3 24. Bxf8 Kxf8 25. d5 Qxb4 26. Qg5 h6 27. Qh5 exd5 28. Qxd5 Be6 29. Qf3 Nd4 30. Nxd4 Qxd4 31. h3 Qc3 32. Qb7 Qc6 33. Qa7 Ra8 34. Qe3 Bc4 35. Be4 Bd5 36. Rc1 Qxc1+ 37. Qxc1 Bxe4 38. Qd2 Kg8 39. Qf4 Re8 40. Qd6 Re6 41. Qd8+ Kh7 42. f3 Bg6 43. Qd4 Rc6 44. Kh2 Rc4 45. Qd2 Ra4 46. Qb2 Bd3 47. g4 Bc4 48. a3 Bd3 49. Qc3 Bg6 50. Kg3 Rc4 51. Qb2 Ra4 52. h4 1-0


[Site "https://www.chess.com"]

[Event "Titled Tuesday Blitz February 28 Early 2023"]
[White "Aggelis, Nikolaos"]
[Black "Toktomushev, Teimur"]
[WhiteFideId "4213220"]
[BlackFideId "14176726"]
[WhiteElo "2189"]
[BlackElo "2106"]
[Result "1-0"]
[Round "07"]
[TimeControl "180+2"]
[Date "2023.02.28"]
[WhiteClock "0:01:46"]
[BlackClock "0:00:02"]

1. c4 e6 2. g3 d5 3. Bg2 Nf6 4. Nf3 Be7 5. O-O O-O 6. d4 c6 7. Nbd2 b6 8. b3 Ba6 9. Bb2 Nbd7 10. Ne5 Rc8 11. Rc1 c5 12. Nxd7 Qxd7 13. dxc5 bxc5 14. cxd5 exd5 15. Re1 Rfd8 16. e4 d4 17. Bf1 Bb7 18. Bg2 Qe6 19. Nc4 Nd7 20. f4 Nb6 21. Na5 Ba8 22. Qd3 Rc7 23. Rc2 Rdc8 24. Rec1 h5 25. Qf3 h4 26. Bxd4 hxg3 27. hxg3 Rd8 28. Be5 Bd6 29. Bxd6 Qxd6 30. e5 Qd4+ 31. Qf2 Bxg2 32. Qxd4 Rxd4 33. Kxg2 Rd5 34. Nc4 Nd7 35. Nd6 f6 36. Nf5 Kf7 37. Ne3 Rd4 38. exf6 Nxf6 39. Rxc5 Rxc5 40. Rxc5 Rd2+ 41. Kf1 Rxa2 42. Rc2 Ra1+ 43. Kg2 Ne4 44. Nc4 Nf6 45. Ne5+ Kg8 46. g4 Kh7 47. g5 Nd5 48. Kf3 Rf1+ 49. Ke4 Nxf4 50. g6+ Nxg6 51. Rh2+ Kg8 52. Nxg6 Re1+ 53. Kd4 Kf7 54. Ne5+ Ke6 55. Nd3 Rb1 56. b4 Rd1 57. Ra2 1-0


[Site "https://www.chess.com"]

[Event "Titled Tuesday Blitz February 28 Early 2023"]
[White "Domingo Nunez, Alejandro"]
[Black "Gutkin, Ilya"]
[WhiteFideId "22245561"]
[BlackFideId "16203470"]
[WhiteElo "2230"]
[BlackElo "2265"]
[Result "1-0"]
[Round "07"]
[TimeControl "180+2"]
[Date "2023.02.28"]
[WhiteClock "0:02:15"]
[BlackClock "0:01:34"]

1. e4 e6 2. Nf3 d5 3. Nc3 d4 4. Ne2 Nf6 5. Ng3 c5 6. Bc4 Nc6 7. O-O g6 8. a4 Bg7 9. d3 O-O 10. Bd2 Nd7 11. Ne1 Kh8 12. f4 Nb6 13. Bb3 Bd7 14. a5 Nc8 15. e5 N8e7 16. Ne4 b6 17. axb6 axb6 18. Rxa8 Qxa8 19. Nf3 Nd5 20. Qe1 Nce7 21. g4 f5 22. exf6 Nxf6 23. Qh4 Nxe4 24. dxe4 Qxe4 25. Ng5 1-0


[Site "https://www.chess.com"]

[Event "Titled Tuesday Blitz February 28 Early 2023"]
[White "Janaszak, Dawid"]
[Black "Andreev, Konstantin"]
[WhiteFideId "1119206"]
[BlackFideId "24239305"]
[WhiteElo "2220"]
[BlackElo "2106"]
[Result "0-1"]
[Round "07"]
[TimeControl "180+2"]
[Date "2023.02.28"]
[WhiteClock "0:00:03"]
[BlackClock "0:00:04"]

1. c4 Nf6 2. d4 e6 3. g4 Nxg4 4. e4 Nf6 5. e5 Ng8 6. Nc3 d6 7. Nf3 dxe5 8. Nxe5 Nd7 9. Bf4 Nxe5 10. Bxe5 f6 11. Bg3 Bd6 12. Bd3 Ne7 13. Qh5+ g6 14. Qf3 f5 15. O-O-O Bd7 16. Bh4 O-O 17. Rhg1 Qe8 18. c5 Bxh2 19. Rge1 Bc6 20. Qe3 Nd5 21. Nxd5 Bxd5 22. f4 Qa4 23. Rh1 Bxh1 24. Qxe6+ Rf7 25. Rxh1 Bxf4+ 26. Kb1 Re8 27. Qd5 c6 28. Qf3 Qxd4 29. Bc2 Re3 30. Qf1 Be5 31. Qc1 Rd7 32. Rd1 Qxh4 33. Rxd7 Re1 34. Rd1 Bf4 35. Bb3+ Kf8 36. Qc2 Rxd1+ 37. Qxd1 Be5 38. a3 Qd4 39. Qe2 Qe4+ 40. Qxe4 fxe4 41. Bc2 e3 42. Bd3 Kg7 43. Kc2 Bd4 44. b4 g5 45. Be4 h5 46. Kd3 g4 47. b5 Bxc5 48. bxc6 bxc6 49. Bxc6 h4 50. Bd7 h3 51. Bxg4 h2 52. Bf3 Kf6 53. Ke2 Ke5 54. Kf1 Kd4 55. Ke2 Bd6 56. a4 Bf4 57. Bc6 Kc5 58. Bf3 Kb4 59. Bc6 Kc5 60. Bf3 Kd4 61. Bc6 Ke5 62. Bf3 Kf5 63. Bc6 a5 64. Bf3 Ke5 65. Kd3 Kd6 66. Ke2 Kc5 67. Bg2 Kb4 68. Bc6 h1=Q 69. Bxh1 Kxa4 70. Kd3 Kb3 71. Bd5+ Kb2 72. Bc6 Ka3 73. Bb5 Kb4 74. Bd7 a4 75. Be6 Ka3 76. Bc4 Kb2 77. Bd5 a3 0-1


[Site "https://www.chess.com"]

[Event "Titled Tuesday Blitz February 28 Early 2023"]
[White "Llanos, Guillermo"]
[Black "Fiorito, Francisco"]
[WhiteFideId "100358"]
[BlackFideId "180165"]
[WhiteElo "2225"]
[BlackElo "2341"]
[Result "1/2-1/2"]
[Round "07"]
[TimeControl "180+2"]
[Date "2023.02.28"]
[WhiteClock "0:00:57"]
[BlackClock "0:00:21"]

1. g3 Nf6 2. Bg2 g6 3. d4 Bg7 4. e4 d6 5. Nc3 O-O 6. Nge2 c5 7. dxc5 dxc5 8. Qxd8 Rxd8 9. Be3 Na6 10. h3 Be6 11. a3 Rab8 12. O-O b5 13. Nf4 Bc4 14. Rfd1 g5 15. Nfe2 b4 16. axb4 Rxd1+ 17. Rxd1 cxb4 18. b3 Bxb3 19. cxb3 bxc3 20. Nxc3 h6 21. Ra1 Rxb3 22. Rxa6 Rxc3 23. Rxa7 e6 24. Ra8+ Bf8 25. Bf3 Nd7 26. Kg2 Rc2 27. Bd4 e5 28. Be3 Kg7 29. Bg4 Bc5 30. Bxc5 Nxc5 31. Rc8 Rc3 32. Bf5 Na4 33. Rxc3 Nxc3 34. Kf3 Nb5 35. Ke3 Nd4 36. Bd7 f6 37. f4 Kf7 38. fxe5 fxe5 39. h4 Ke7 40. Ba4 Kd6 41. Bd1 Kc5 42. hxg5 hxg5 43. Ba4 Kc4 44. Bd1 Kc3 45. Ba4 Ne6 46. Bd7 Nc5 47. Bf5 Nd3 48. Kf3 Kd4 49. Kg4 Nf2+ 50. Kxg5 Nxe4+ 51. Kg4 Nd6 52. Bg6 Nc4 53. Kf3 Nd2+ 54. Kf2 Nc4 55. Kg2 Nb6 56. Kf3 Nd5 57. Kf2 Nf6 58. Bf5 Kd5 59. g4 Nxg4+ 60. Bxg4 Kc5 61. Bf3 Kb6 62. Bc6 Ka7 63. Bb7 Kb8 64. Bc8 Kxc8 65. Ke3 Kd7 66. Ke4 Kd6 67. Ke3 Ke6 68. Ke4 Kf6 69. Ke3 Kf5 70. Kf3 e4+ 71. Ke3 Ke5 72. Ke2 Ke6 73. Ke3 Kd5 74. Ke2 Kc4 75. Ke3 Kd5 76. Ke2 Kd4 77. Kd2 e3+ 78. Ke2 Ke4 79. Ke1 Kf5 80. Ke2 Ke5 81. Kxe3 1/2-1/2


[Site "https://www.chess.com"]

[Event "Titled Tuesday Blitz February 28 Early 2023"]
[White "Todorovic, Bojan"]
[Black "Mammadzada, Gunay"]
[WhiteFideId "917087"]
[BlackFideId "13403729"]
[WhiteElo "2266"]
[BlackElo "2396"]
[Result "1-0"]
[Round "07"]
[TimeControl "180+2"]
[Date "2023.02.28"]
[WhiteClock "0:00:01"]
[BlackClock "0:00:02"]

1. Nf3 d5 2. g3 c6 3. Bg2 Bg4 4. O-O Nf6 5. d3 Nbd7 6. Nbd2 e5 7. e4 dxe4 8. dxe4 Be7 9. Qe2 O-O 10. h3 Bh5 11. a4 Qc7 12. Nc4 Rfe8 13. g4 Bg6 14. Nfd2 Nb6 15. a5 Nxc4 16. Nxc4 Bc5 17. Bg5 Nd7 18. h4 f6 19. h5 Bf7 20. Bd2 h6 21. b4 Be7 22. c3 Nf8 23. f4 exf4 24. Bxf4 Qc8 25. Ne3 Ne6 26. Bg3 Ng5 27. Nf5 Bf8 28. Rae1 Qe6 29. e5 Qb3 30. a6 Qxc3 31. axb7 Rab8 32. Qe3 Qxb4 33. Rb1 Qxg4 34. Bxc6 Red8 35. exf6 gxf6 36. Kh1 Qxh5+ 37. Bh2 Kh7 38. Ng3 Qh3 39. Qf4 Be8 40. Qxf6 Bxc6+ 41. Qxc6 Bd6 42. Qg2 Qxg2+ 43. Kxg2 Rd7 44. Rf6 1-0


[Site "https://www.chess.com"]